AoeStats
← Sir Richard III

Golden Pit

508479203Analyzed
1v1 RM · 11d ago on Sep 22, 2026· 56m 9s· 2 players
Game mode
Random Map
Map size
Tiny (2 player)
Population
200
Speed
Normal
Resources
Standard
Victory
Conquest
Starting age
Dark Age
Ending age
Imperial Age
RankedLock teamsTeams togetherTeam positionsShared explorationLock speedFull tech treeHidden civsTurbo modeCheats
Victory
Defeat
🇨🇭 Portuguese · Switzerland
586
+14
🇫🇷 Franks · France
533
-14
Le snip is back
11:27 Feudal Age
11:59 Double-Bit Axe
15:49 Gold Mining
17:46 Forging
17:42 Scale Barding Armor
22:37 Castle Age
23:37 Bow Saw
24:38 Gold Shaft Mining
24:26 Chain Barding Armor
24:44 Iron Casting
25:54 Pikeman
26:35 Squires
26:23 Elite Skirmisher
27:12 Husbandry
29:44 Fletching
29:55 Padded Archer Armor
39:58 Stone Mining
43:30 Imperial Age
42:42 Wheelbarrow
43:11 Bodkin Arrow
43:32 Leather Archer Armor
47:58 Chemistry
47:19 Ballistics
Sir Richard III
10:07 Feudal Age
10:47 Double-Bit Axe
11:20 Loom
21:39 Castle Age
21:35 Scale Barding Armor
21:20 Fletching
21:39 Gold Mining
21:42 Stone Mining
21:45 Horse Collar
23:43 Pikeman
27:23 Bloodlines
29:11 Murder Holes
36:34 Chain Barding Armor
38:12 Wheelbarrow
42:46 Imperial Age
41:34 Guard Tower
45:45 Plate Barding Armor
45:46 Bow Saw
45:20 Cavalier
49:41 Elite Organ Gun
57:38 Chemistry
57:14 Keep
Connection lost

Rejoining the realm…

Still unreachable

The connection could not be restored.

Session expired

The server has moved on; the page needs a fresh start.